 Dungeon Crawl Stone Soup version 0.13-a0-2519-g3c5fe84 (webtiles) character file.

133 Rycklaryybbe the Grave Robber (level 2, -2/22 HPs)
             Began as a Deep Dwarf Necromancer on July 24, 2013.
             Slain by Sigmund
             ... wielding a +4,+1 scythe
              (9 damage)
             ... on Level 2 of the Dungeon.
             The game lasted 00:06:44 (1148 turns).

Rycklaryybbe the Grave Robber (DDNe)                Turns: 1148, Time: 00:06:44

HP  -2/22        AC  2     Str 11      XL: 2   Next: 86%
MP   1/4         EV 12     Int 15      God:
Gold 108         SH  0     Dex 13      Spells:  1 memorised,  2 levels left

Res.Fire  : . . .   See Invis. : .   i - +0 spear
Res.Cold  : . . .   Warding    : .   a - +0 robe
Life Prot.: . . .   Conserve   : +   (no shield)
Res.Poison: .       Res.Corr.  : .   (no helmet)
Res.Elec. : .       Clarity    : .   (no cloak)
Sust.Abil.: . .     Spirit.Shd : .   (no gloves)
Res.Mut.  : .       Stasis     : .   (no boots)
Res.Rott. : .       Flight     : .   h - amulet of conservation {unknown}
Saprovore : . . .                    (no ring)
                                     (no ring)

@: non-regenerating, very slightly contaminated, hasted, very quick, slightly
resistant to hostile enchantments, fairly stealthy
A: damage resistance, recharge devices, sense surroundings 1, slow healing 3
a: Device Recharging


You were on level 2 of the Dungeon.
You were very hungry.

You visited 1 branch of the dungeon, and saw 2 of its levels.

You collected 88 gold pieces.

Inventory:

Hand weapons
 g - a +1,+1 dagger (quivered)
 i - a +0,+0 spear (weapon)
Armour
 a - a +0 robe (worn)
Magical devices
 c - a wand of heal wounds (2)
 o - a wand of polymorph (2) {unknown}
Comestibles
 d - a bread ration
 f - 2 meat rations
 m - a rotting chunk of bat flesh
 n - a choko
Scrolls
 j - a scroll of remove curse {unknown}
Jewellery
 h - an amulet of conservation (around neck) {unknown}
Books
 b - a book of Necromancy

   Spells                             Type                      Level
   *Pain                              Necromancy                   1
   Animate Skeleton                   Necromancy                   1
   Lethal Infusion                    Charms/Necromancy            2
   Vampiric Draining                  Necromancy                   3
   Regeneration                       Charms/Necromancy            3
   Animate Dead                       Necromancy                   4
   Control Undead                     Necromancy                   4


   Skills:
 - Level 2.1 Dodging
 - Level 3.0 Stealth
 + Level 1.3 Spellcasting
 - Level 5.0 Necromancy


You had 2 spell levels left.
You knew the following spells:

 Your Spells              Type           Power        Failure   Level  Hunger
a - Pain                  Necr           ###.         3%          1    ##.....


Dungeon Overview and Level Annotations

Branches:
Dungeon (2/27)

Altars:
Cheibriados
Nemelex Xobeh
Xom

Annotations
D:2 Sigmund


Innate Abilities, Weirdness & Mutations

You are resistant to damage.
You can recharge devices by infusing magical energy.
You passively map a small area around you.
You do not heal naturally.


Message History

You reach to attack!
You barely miss it.
Attack whom?
Press: ? - help, Dir - move target cursor You reach to attack!
You closely miss it. It hits you.
Attack whom?
Press: ? - help, Dir - move target cursor, f - you
Okay, then.
You miss it.
You hear some strange, mumbled words.
Something tries to affect you, but you resist.
You miss it.
A kobold comes into view. It is wielding a club.
You barely miss it.
The kobold shouts!
It hits you.
You miss it. You miss it. It completely misses you.
You miss it. You hit it. It hits you!
You die...

#..{... #.##.#
.#.#.
#...{..##{##.#
,
#.........{#.#
**
#....####..#.#
, , #..
,#.....#.# * *
# #.#...#.#####
*
#,#......#≈_#,,
* ,#.#.#.###.#
, #.#.#r.@'.# *
#.#.#.###.# ,,
*.#.#..#≈_#, *
#######, * , ,
, * *, * *,* *
, * , *, , #. ,
, * #.


You could see a rat.

Vanquished Creatures
  A giant gecko (D:1)
  4 hobgoblins
  4 kobolds
  3 bats
  2 giant newts (D:1)
  3 goblins (D:1)
  3 jackals (D:1)
  5 rats
25 creatures vanquished.

Vanquished Creatures (others)
  10 toadstools (D:2)
10 creatures vanquished.

Grand Total: 35 creatures vanquished

Notes
Turn   | Place    | Note
--------------------------------------------------------------
     0 | D:1      | Rycklaryybbe, the Deep Dwarf Necromancer, began the quest for the Orb.
     0 | D:1      | Reached XP level 1. HP: 15/15 MP: 3/3
     0 | D:1      | Chaositek: Привет
     0 | D:1      | Rycklaryybbe: привет
     0 | D:1      | Chaositek: Что с твоим Энчантером стало?
     0 | D:1      | Rycklaryybbe: умер)
     0 | D:1      | Rycklaryybbe: надо было идти спать)
     0 | D:1      | Rycklaryybbe:
     0 | D:1      | Chaositek: Как?
     0 | D:1      | Rycklaryybbe: но я всегда играю пока не умру))
     0 | D:1      | Rycklaryybbe: да тупо просто пошел в шоалс
     0 | D:1      | Chaositek: У меня тоже так бывало, надо иметь смелость оставить перса в покое...
     0 | D:1      | Rycklaryybbe: и табом там бегал и слился
     0 | D:1      | Rycklaryybbe: да не смелость)
     0 | D:1      | Rycklaryybbe: при чем тут смелость
     0 | D:1      | Chaositek: Я вот все на 8 уровнях опыта сливаюсь по всяким пустекам
     0 | D:1      | Rycklaryybbe: просто надо хотеть пройти, а у меня нет такого желания))
     0 | D:1      | Rycklaryybbe: надоедает играть одним персом
     2 | D:1      | Chaositek: А у тебя что за желание? Убивать своих чаров?
     2 | D:1      | Rycklaryybbe: получать фан
     2 | D:1      | Rycklaryybbe: номер один в приоритетах
     2 | D:1      | Chaositek: Мы все здесь ради этого
     2 | D:1      | Rycklaryybbe: а заниматься дрочкой, что бы пройти, скрипя зубами))
     2 | D:1      | Rycklaryybbe: не, к хуям. я забиваю на такого перса и начинаю нового)(
    18 | D:1      | Chaositek: Но нормальные юди предпочитают каловдути
    58 | D:1      | Rycklaryybbe: я даже не знаю что это
   290 | D:1      | Reached XP level 2. HP: 10/22 MP: 1/4
   335 | D:1      | Chaositek: На дворфа дейстувет заклинание регенерации?
   351 | D:1      | Rycklaryybbe: нет конечно)
   366 | D:1      | Chaositek: хуево
   533 | D:1      | Found a sparkling altar of Nemelex Xobeh.
   762 | D:1      | Reached skill level 5 in Necromancy
  1064 | D:2      | Noticed Sigmund
  1089 | D:2      | Found a snail-covered altar of Cheibriados.
  1089 | D:2      | Found a shimmering altar of Xom.
  1148 | D:2      | Slain by Sigmund

Action                   || total
-------------------------++-------
Melee: Spear             ||    24
 Cast: Pain              ||    53
Evoke: Wand              ||     4
  Use: Potion            ||     2
